 Dungeon Sprint DCSS version 0.01-2113-gba4e2f8f9f (webtiles) character file.

Game seed: 12483702405897262659, levelgen mode: deterministic

54 Lanoc the Lasher (level 5, -6/40 HPs) Lignifite Demonspawn. Began on June 5, 2020. Was a Follower of Okawaru. Mangled by a gargoyle ... wielding a +0 dire flail (24 damage) ... in the Dungeon (Sprint VI: "Thunderdome"). The game lasted 00:06:16 (381 turns).

Lanoc the Lasher (Lignifite Demonspawn)              Turns: 381, Time: 00:06:17

Health: -6/40      AC:  2    Str: 23    XL:     5 ^: 80
Magic:  9/9        EV: 24    Int: 13    God:    Okawaru [*..... (45)]
Gold:   10         SH:  2    Dex: 10    Spells: 7/8 levels left

rFire    x . .     Vision   +   a - +0 flail
rCold    . . .     Gourm    .   (weapon restricted)
rNeg     + . .     Faith    .   b - +0 robe
rPois    +         Spirit   .   n - +1 hat
rElec    +         Reflect  .   (no cloak)
rCorr    .         Harm     .   (gloves unavailable)
MR       ++...     NoTele   +   (boots unavailable)
Stlth    ++........             o - amulet "Itiguada" {Acrobat *Slow rElec rPois MR++}
HPRegen  0.23/turn              p - ring of Souh {*Drain rN+ EV+5 Str+3 +Vis}
MPRegen  0.19/turn              (no ring)

@: quick
A: very small, rF-, soft wood 1, deformed body, speed 1, poison resistance,
powered by death 1, slow metabolism 1, torment resistance, plant, rot immunity
a: Heroism, Renounce Religion


You were in the Dungeon.
You worshipped Okawaru.
Okawaru was aware of your devotion.
You were not hungry.

You visited 1 branch You collected 280 gold pieces.
You spent 270 gold pieces at shops.

Inventory:

Weapons
 a - a +0 flail (weapon)
Armour
 b - a +0 robe (worn)
 n - a +1 hat (worn)
Jewellery
 o - the amulet "Itiguada" (around neck) {Acrobat *Slow rElec rPois MR++}
   (You bought it in a shop in the Dungeon)

   [amulet of the acrobat]

   It helps you evade while moving and waiting.
   It insulates you from electricity.
   It protects you from poison.
   It affects your resistance to hostile enchantments.
   It may slow you when you take damage.
 p - the ring of Souh (left hand) {*Drain rN+ EV+5 Str+3 +Vis}
   (You bought it in a shop in the Dungeon)

   [ring of evasion]

   It affects your evasion (+5).
   It affects your strength (+3).
   It protects you from negative energy.
   It improves your vision.
   It causes draining when unequipped.
Wands
 c - a wand of acid (5)
 k - a wand of iceblast (5)
Scrolls
 j - 4 scrolls of blinking
 l - 3 scrolls of fog
Potions
 e - a potion of curing
 f - 4 potions of heal wounds
 g - 4 potions of haste
 h - 2 potions of magic
 i - a potion of berserk rage
 m - a potion of resistance
Comestibles
 d - a ration
 q - 4 chunks of flesh


   Skills:
 + Level 5.6 Fighting
 * Level 8.5 Whips & Flails
 + Level 0.1 Armour
 + Level 5.5 Dodging
 - Level 1.7 Stealth
 - Level 2.1 Spellcasting
 - Level 3.0 Invocations


You had 7 spell levels left.
You knew the following spells:

 Your Spells              Type           Power        Failure   Level  Hunger
a - Flame Tongue          Fire           1 (40)       26%         1    ##.....

Your spell library contained the following spells:

 Spells                   Type           Power        Failure   Level  Hunger
 Blink                    Tloc           N/A          36%         2    ###....
 Call Imp                 Summ           1 (100)      36%         2    ###....
 Slow                     Hex            1 (100)      36%         2    ###....
 Conjure Flame            Fire           1 (100)      58%         3    ####...
 Mephitic Cloud           Pois/Air       1 (100)      58%         3    ####...


Dungeon Overview and Level Annotations

Branches:
Dungeon (1/1)

Altars:
Cheibriados
Dithmenos
Fedhas
Gozag
Kikubaaqudgha
Makhleb
Okawaru
Qazlal
Ru
Sif Muna
Trog
Uskayaw
Vehumet
Wu Jian
Xom
Yredelemnul
Zin
The Shining One
Beogh
Jiyva
Lugonu

Shops:
D *[%?*?*:[((!!!!


Innate Abilities, Weirdness & Mutations

Your woody flesh burns easily. (rF-)
A tangle of shorter branches protects your body from attack. (+2 SH)
You are very small and have problems with some larger weapons.
You are too small for most types of armour.
You're made of somewhat softer, lighter wood. (Dex +2, Stealth)
Armour fits poorly on your strangely shaped body.
You cover ground quickly.
Your system is resistant to poisons. (rPois)
You regenerate a little health from kills.
You have a slow metabolism.
You are immune to unholy pain and torment.
You require very little carbon dioxide to survive.
You are immune to rotting.


Message History

The gargoyle is lightly damaged. (23/27) HP You hit the gargoyle but do no damage.
The gargoyle is lightly damaged. (23/27) HP You hit the gargoyle but do no damage.
The gargoyle is lightly damaged. (23/27) HP The gargoyle completely misses you (0).
You hit the gargoyle but do no damage.
The gargoyle is lightly damaged. (23/27) HP You hit the gargoyle but do no damage.
The gargoyle is lightly damaged. (23/27) HP The gargoyle hurls a stone arrow at you.
The stone arrow hits you (23)!!
Ouch! That really hurt!
You hit the gargoyle but do no damage.
The gargoyle is lightly damaged. (23/27) HP You hit the gargoyle but do no damage.
The gargoyle is lightly damaged. (23/27) HP The gargoyle hits you with a +0 dire flail (24)!!
Ouch! That really hurt!
You die...

#_......._#
#_........#
###.........#
#⌠...........
######.8.........8
##∩___......###....
###∩........8.# #.8..
##...==........###....
#⌠..9@......###...###.
#⌠..........# #.<.# #.
#⌠..........###...###.
##.............###....
###∩.......†8.# #.8..
###___.....†###....
#####.8.........8
#⌠...........
###.........#


You could see a gargoyle.

Vanquished Creatures
  3 scorpions (D)
  A jelly (D)
  A worm (D)
  4 oozes (D)
  2 giant cockroaches (D)
11 creatures vanquished.

Notes
Turn   | Place    | Note
-------+----------+-------------------------------------------
     0 | D        | Lanoc the Lignifite Demonspawn began the quest for the Orb.
     0 | D        | Reached XP level 1. HP: 12/12 MP: 4/4
     1 | D        | Found an iron altar of Okawaru.
     1 | D        | Found a basalt altar of Yredelemnul.
     2 | D        | Found a glowing golden altar of the Shining One.
     2 | D        | Found a snail-covered altar of Cheibriados.
     3 | D        | Found a blossoming altar of Fedhas.
     3 | D        | Found a glowing silver altar of Zin.
     4 | D        | Found a shimmering blue altar of Sif Muna.
     4 | D        | Found a radiant altar of Vehumet.
     4 | D        | Found Ineuk's Magic Scroll Shop.
     4 | D        | Found Tutososi's Staff Store.
     5 | D        | Found Xomoplyc's Magic Scroll Shop.
     5 | D        | Found Potwikhi's Must-Have Magic.
     7 | D        | Round 1.
     8 | D        | Found Xocuem's Delicious Food.
     8 | D        | Found Nuvoredd's Jewellery.
     9 | D        | Found Symul's Advanced Armour.
    11 | D        | Became a worshipper of Warmaster Okawaru
    13 | D        | Found a burning altar of Makhleb.
    13 | D        | Found a shimmering altar of Xom.
    13 | D        | Found a roughly hewn altar of Beogh.
    16 | D        | Bought a faintly glowing steel amulet for 45 gold pieces
    16 | D        | Identified the amulet of Daimasip {Harm *Drain +Fly rPois
                  | rC+} (You bought it in a shop in the Dungeon)
    16 | D        | Bought a fine glass ring for 45 gold pieces
    16 | D        | Identified the cursed ring "Rakux" {rPois rC+, (Curse:
                  | rF-)} (You bought it in a shop in the Dungeon)
    16 | D        | Bought a fine granite ring for 45 gold pieces
    16 | D        | Identified the ring of Souh {*Drain rN+ EV+5 Str+3 +Vis}
                  | (You bought it in a shop in the Dungeon)
    20 | D        | Reached skill level 3 in Whips & Flails
    26 | D        | Found a hide-covered altar of Uskayaw.
    27 | D        | Found a corrupted altar of Lugonu.
    28 | D        | Found an ornate altar of the Wu Jian Council.
    29 | D        | Found Poufasol's Premium Goods.
    30 | D        | Found an ancient bone altar of Kikubaaqudgha.
    30 | D        | Found an opulent altar of Gozag.
    30 | D        | Found Xuthrosyh's Weapon Rack.
    30 | D        | Found Isabri's Miscellaneous Merchandise.
    30 | D        | Found Poimutro's Basic Armour.
    33 | D        | Gained mutation: You regenerate a little health from kills.
                  | [demonic ancestry]
    33 | D        | Reached XP level 2. HP: 19/20 MP: 6/6
    39 | D        | Reached skill level 4 in Whips & Flails
    42 | D        | Found a bloodstained altar of Trog.
    52 | D        | Found a viscous altar of Jiyva.
    53 | D        | Found a sacrificial altar of Ru.
    53 | D        | Found Fujod's Do-It-Yourself Clinic.
    54 | D        | Found Rastrom's Bottled Wisdom.
    54 | D        | Found Ytytz's Distillery.
    55 | D        | Found a stormy altar of Qazlal.
    55 | D        | Found a shadowy altar of Dithmenos.
    55 | D        | Found Laehealu's Distillery.
   114 | D        | Arena points: 12 (+12) [x2]
   114 | D        | Reached skill level 5 in Whips & Flails
   114 | D        | Gained mutation: You're made of somewhat softer, lighter
                  | wood. (Dex +2, Stealth) [demonic ancestry]
   114 | D        | Reached XP level 3. HP: 14/27 MP: 7/7
   129 | D        | Bought a translucent wooden ring for 45 gold pieces
   129 | D        | Identified the ring "Nuygiora" {Fire rN+ Int+7 Dex-3} (You
                  | bought it in a shop in the Dungeon)
   187 | D        | Round 2.
   230 | D        | Reached * piety under Okawaru
   230 | D        | Received a gift from Okawaru
   230 | D        | Reached skill level 6 in Whips & Flails
   230 | D        | Reached XP level 4. HP: 34/34 MP: 8/8
   249 | D        | Reached skill level 5 in Fighting
   249 | D        | Reached skill level 7 in Whips & Flails
   249 | D        | Reached skill level 5 in Dodging
   249 | D        | Reached XP level 5. HP: 34/39 MP: 9/9
   264 | D        | Reached skill level 8 in Whips & Flails
   302 | D        | Arena points: 54 (+42) [x3]
   313 | D        | Bought a bound copper amulet for 45 gold pieces
   313 | D        | Identified the amulet "Itiguada" {Acrobat *Slow rElec rPois
                  | MR++} (You bought it in a shop in the Dungeon)
   313 | D        | Bought a warped turquoise ring for 45 gold pieces
   313 | D        | Identified the cursed ring of Zeucuets {*Drain rElec Int+3
                  | Stlth+, (Curse: rC-)} (You bought it in a shop in the
                  | Dungeon)
   364 | D        | Round 3.
   369 | D        | Noticed a gargoyle
   381 | D        | Mangled by a gargoyle

Levels and vault maps discovered:
D:        arena_sprint

Skill      XL: |  1  2  3  4  5 |
---------------+----------------+-----
Whips & Flails | 3 5 6 7 8 |  8.5
Dodging        | 3 4 5 |  5.5
Fighting       | 3 4 5 |  5.6
Armour         | |  0.1
Stealth        | |  1.7
Spellcasting   | |  2.1
Invocations    | |  3.0

Action                   |  1- 3 |  4- 6 || total
-------------------------+-------+-------++-------
Melee: Flail             |    23 |    28 ||    51
       Unarmed           |    17 |    25 ||    42
Dodge: Dodged            |    24 |    19 ||    43
Block: Other             |     1 |     1 ||     2
